TOP OF THE 1ST |
Wichita Wranglers batting - Pitching for Gainesville Guidos : RHP Rodney Hall
|
Pitching: RHP Rodney Hall
|
|
Batting: RHB José López
|
0-0: Swinging Strike 0-1: Ball 1-1: Ball 2-1: Ball 3-1: Base on Balls
|
Batting: SHB Wayne Matthews
|
0-0: Called Strike 0-1: Ball 1-1: Swinging Strike 1-2: Ball 2-2: Strikes out looking
|
Batting: RHB Santiago Morales
|
0-0: Foul Ball, location: 2F 0-1: Hit by Pitch José López to second
|
Batting: RHB Félix Gonzáles
|
0-0: Ball 1-0: Called Strike 1-1: Ball 2-1: Called Strike 2-2: Ball 3-2: Strikes out swinging Throwing error on steal attempt, E2 José López scores Santiago Morales to third
|
Batting: LHB Richard Hinkle
|
0-0: Called Strike 0-1: Ball 1-1: Foul Ball, location: 2F 1-2: Strikes out swinging
|
Top of the 1st over - 1 run(s), 0 hit(s), 1 error(s), 1 left on base; Wichita 1 - Gainesville 0 |
BOTTOM OF THE 1ST |
Gainesville Guidos batting - Pitching for Wichita Wranglers : LHP Jeff Sandusky
|
Pitching: LHP Jeff Sandusky
|
|
Batting: SHB Cornell Payne
|
0-0: Called Strike 0-1: Ball 1-1: Ball 2-1: Ball 3-1: Called Strike 3-2: Foul Ball, location: 2F 3-2: Strikes out swinging
|
Batting: RHB Doug Coleman
|
0-0: Foul Ball, location: 2F 0-1: Ball 1-1: Swinging Strike 1-2: Ball 2-2: DOUBLE (Line Drive, 7LM)
|
Batting: RHB Kyle O'Day
|
0-0: SINGLE (Flyball, 9S) Doug Coleman to third
|
Batting: RHB Augusto Baca
|
0-0: Ball 1-0: Called Strike 1-1: Foul Ball, location: 2F 1-2: Grounds into double play, 1-6-3 (Groundball, P)
|
Bottom of the 1st over - 0 run(s), 2 hit(s), 0 error(s), 1 left on base; Wichita 1 - Gainesville 0 |
TOP OF THE 2ND |
Wichita Wranglers batting - Pitching for Gainesville Guidos : RHP Rodney Hall
|
Batting: RHB Oliver Todd
|
0-0: Ball 1-0: Ground out 6-3 (Groundball, 6)
|
Batting: RHB Hubert MacDonald
|
0-0: Ball 1-0: Foul Ball, location: 2F 1-1: Fly out, F7 (Flyball, 78D)
|
Batting: SHB Juan Glaviz
|
0-0: Called Strike 0-1: Ground out 3-1 (Groundball, 34)
|
Top of the 2nd over - 0 run(s), 0 hit(s), 0 error(s), 0 left on base; Wichita 1 - Gainesville 0 |
BOTTOM OF THE 2ND |
Gainesville Guidos batting - Pitching for Wichita Wranglers : LHP Jeff Sandusky
|
Batting: RHB Juan Reyes
|
0-0: Called Strike 0-1: Ball 1-1: Called Strike 1-2: Foul Ball, location: 2F 1-2: SINGLE (Flyball, 8RS)
|
Batting: RHB Denver Baker
|
0-0: Grounds into double play, 3-6-4 (Groundball, 34)
|
Batting: LHB Pedro Juárez
|
0-0: Called Strike 0-1: Foul Ball, location: 2F 0-2: Ball 1-2: Foul Ball, location: 2F 1-2: Strikes out looking
|
Bottom of the 2nd over - 0 run(s), 1 hit(s), 0 error(s), 0 left on base; Wichita 1 - Gainesville 0 |
TOP OF THE 3RD |
Wichita Wranglers batting - Pitching for Gainesville Guidos : RHP Rodney Hall
|
Batting: SHB Lewis Woods
|
0-0: Ball 1-0: Swinging Strike 1-1: Ball 2-1: Swinging Strike 2-2: Fly out, F7 (Flyball, 7S)
|
Batting: RHB José López
|
0-0: Foul Ball, location: 2F 0-1: Swinging Strike 0-2: Foul Ball, location: 2F 0-2: Strikes out swinging
|
Batting: SHB Wayne Matthews
|
0-0: Ball 1-0: SINGLE (Flyball, 8LS)
|
Batting: RHB Santiago Morales
|
0-0: Ball 1-0: Called Strike 1-1: Foul Ball, location: 2F 1-2: DOUBLE (Line Drive, 8LD) Wayne Matthews to third Runner from 3rd tries for Home, SAFE, no throw
|
Batting: RHB Félix Gonzáles
|
0-0: SINGLE (Groundball, 6D) Santiago Morales to third Runner from 3rd tries for Home, SAFE, no throw
|
Batting: LHB Richard Hinkle
|
0-0: Ball 1-0: Fly out, F7 (Flyball, 7S)
|
Top of the 3rd over - 2 run(s), 3 hit(s), 0 error(s), 1 left on base; Wichita 3 - Gainesville 0 |
BOTTOM OF THE 3RD |
Gainesville Guidos batting - Pitching for Wichita Wranglers : LHP Jeff Sandusky
|
Batting: RHB Adrián López
|
0-0: Ball 1-0: Foul Ball, location: 2F 1-1: Fly out, F8 (Line Drive, 78M)
|
Batting: RHB Iván Moreno
|
0-0: Called Strike 0-1: Foul Ball, location: 2F 0-2: Strikes out swinging
|
Batting: SHB Cornell Payne
|
0-0: Ball 1-0: Ball 2-0: Foul Ball, location: 2F 2-1: Ground out 5-3 (Groundball, 5L)
|
Bottom of the 3rd over - 0 run(s), 0 hit(s), 0 error(s), 0 left on base; Wichita 3 - Gainesville 0 |
TOP OF THE 4TH |
Wichita Wranglers batting - Pitching for Gainesville Guidos : RHP Rodney Hall
|
Batting: RHB Oliver Todd
|
0-0: Ball 1-0: Ball 2-0: Ball 3-0: Called Strike 3-1: Swinging Strike 3-2: Base on Balls
|
Batting: RHB Hubert MacDonald
|
0-0: Ball 1-0: Called Strike 1-1: Foul Ball, location: 2F 1-2: Ball 2-2: Ball 3-2: Strikes out swinging
|
Batting: SHB Juan Glaviz
|
0-0: Foul Ball, location: 2F 0-1: Foul Ball, location: 2F 0-2: Strikes out looking
|
Batting: SHB Lewis Woods
|
0-0: Called Strike 0-1: Ball 1-1: Ball 2-1: Ball 3-1: Swinging Strike 3-2: Strikes out swinging
|
Top of the 4th over - 0 run(s), 0 hit(s), 0 error(s), 1 left on base; Wichita 3 - Gainesville 0 |
BOTTOM OF THE 4TH |
Gainesville Guidos batting - Pitching for Wichita Wranglers : LHP Jeff Sandusky
|
Batting: RHB Doug Coleman
|
0-0: Foul Ball, location: 2F 0-1: Swinging Strike 0-2: Foul Ball, location: 2F 0-2: Ball 1-2: Reached on error, E6 (Groundball, 6)
|
Batting: RHB Kyle O'Day
|
0-0: Called Strike 0-1: Called Strike 0-2: Foul Ball, location: 2F 0-2: Ball 1-2: Foul Ball, location: 2F 1-2: Fly out, F5 (Line Drive, 5S)
|
Batting: RHB Augusto Baca
|
0-0: Called Strike 0-1: Hit by Pitch Doug Coleman to second
|
Batting: RHB Juan Reyes
|
0-0: Ball 1-0: Called Strike 1-1: Fielders Choice at 2nd, 4-6 (Groundball, 4M) Doug Coleman to third
|
Batting: RHB Denver Baker
|
0-0: Ball 1-0: Called Strike 1-1: Ball 2-1: Fly out, F9 (Flyball, 9S)
|
Bottom of the 4th over - 0 run(s), 0 hit(s), 1 error(s), 2 left on base; Wichita 3 - Gainesville 0 |
TOP OF THE 5TH |
Wichita Wranglers batting - Pitching for Gainesville Guidos : RHP Rodney Hall
|
Batting: RHB José López
|
0-0: Ground out 6-3 (Groundball, 6)
|
Batting: SHB Wayne Matthews
|
0-0: Ball 1-0: Foul Ball, location: 2F 1-1: Ball 2-1: Ball 3-1: Base on Balls
|
Batting: RHB Santiago Morales
|
0-0: Foul Ball, location: 2F 0-1: Ball 1-1: Swinging Strike 1-2: Ball 2-2: Ball 3-2: Foul Ball, location: 2F 3-2: Base on Balls Wayne Matthews to second
|
Batting: RHB Félix Gonzáles
|
0-0: Foul Ball, location: 2F 0-1: Fly out, F8 (Line Drive, 8RS)
|
Batting: LHB Richard Hinkle
|
0-0: Ball 1-0: Ball 2-0: SINGLE (Line Drive, 4MD) Wayne Matthews to third Santiago Morales to second Runner from 3rd tries for Home, SAFE, no throw
|
Batting: RHB Oliver Todd
|
0-0: Ball 1-0: Ball 2-0: Called Strike 2-1: Foul Ball, location: 2F 2-2: Fielders Choice at 2nd, 6-4 (Groundball, 6)
|
Top of the 5th over - 1 run(s), 1 hit(s), 0 error(s), 1 left on base; Wichita 4 - Gainesville 0 |
BOTTOM OF THE 5TH |
Gainesville Guidos batting - Pitching for Wichita Wranglers : LHP Jeff Sandusky
|
Batting: LHB Pedro Juárez
|
0-0: Ball 1-0: Fly out, F6 (Line Drive, 6)
|
Batting: RHB Adrián López
|
0-0: Called Strike 0-1: Foul Ball, location: 2F 0-2: Ball 1-2: Ball 2-2: Foul Ball, location: 2F 2-2: Ball 3-2: DOUBLE (Line Drive, 8LD)
|
Batting: RHB Iván Moreno
|
0-0: Called Strike 0-1: Ground out U3 (Groundball, 3) Adrián López to third
|
Batting: SHB Cornell Payne
|
0-0: Ball 1-0: Ball 2-0: Called Strike 2-1: Foul Ball, location: 2F 2-2: Ball 3-2: Foul Ball, location: 2F 3-2: SINGLE (Groundball, 34D) Adrián López scores
|
Batting: RHB Doug Coleman
|
0-0: SINGLE (Groundball, 56D) Cornell Payne to second
|
Batting: RHB Kyle O'Day
|
0-0: Ball 1-0: Ball 2-0: Ball 3-0: Called Strike 3-1: Called Strike 3-2: Base on Balls Cornell Payne to third Doug Coleman to second
|
Batting: RHB Augusto Baca
|
0-0: Swinging Strike 0-1: Ball 1-1: SINGLE (Groundball, 6MD) Cornell Payne scores Doug Coleman to third Kyle O'Day to second Runner from 3rd tries for Home, SAFE, no throw
|
Batting: RHB Juan Reyes
|
0-0: Ball 1-0: Ball 2-0: Foul Ball, location: 2F 2-1: Fly out, F1 (Line Drive, 13)
|
Bottom of the 5th over - 3 run(s), 4 hit(s), 0 error(s), 2 left on base; Wichita 4 - Gainesville 3 |
TOP OF THE 6TH |
Wichita Wranglers batting - Pitching for Gainesville Guidos : RHP Rodney Hall
|
Batting: RHB Hubert MacDonald
|
0-0: Swinging Strike 0-1: Called Strike 0-2: Ground out 6-3 (Groundball, 6)
|
Batting: SHB Juan Glaviz
|
0-0: Ground out 4-3 (Groundball, 34)
|
Batting: SHB Lewis Woods
|
0-0: Called Strike 0-1: Swinging Strike 0-2: Ball 1-2: Ball 2-2: Ball 3-2: Strikes out swinging
|
Top of the 6th over - 0 run(s), 0 hit(s), 0 error(s), 0 left on base; Wichita 4 - Gainesville 3 |
BOTTOM OF THE 6TH |
Gainesville Guidos batting - Pitching for Wichita Wranglers : LHP Jeff Sandusky
|
Batting: RHB Denver Baker
|
0-0: Ball 1-0: Foul Ball, location: 2F 1-1: Ball 2-1: Fly out, F2 (Popup, 3S)
|
Batting: LHB Pedro Juárez
|
0-0: Swinging Strike 0-1: Swinging Strike 0-2: Ball 1-2: Ball 2-2: Strikes out looking
|
Batting: RHB Adrián López
|
0-0: DOUBLE (Line Drive, 7D)
|
Pitching: LHP Fred Villa
|
|
Batting: RHB Iván Moreno
|
0-0: Ball 1-0: Ball 2-0: Called Strike 2-1: Ball 3-1: DOUBLE (Flyball, 9LM) Adrián López scores
|
Batting: SHB Cornell Payne
|
0-0: Fly out, F8 (Flyball, 8LXD)
|
Bottom of the 6th over - 1 run(s), 2 hit(s), 0 error(s), 1 left on base; Wichita 4 - Gainesville 4 |
TOP OF THE 7TH |
Wichita Wranglers batting - Pitching for Gainesville Guidos : RHP Rodney Hall
|
Pitching: RHP Mario Tovar
|
|
Pinch Hitting: SHB José López
|
0-0: Ball 1-0: Swinging Strike 1-1: Called Strike 1-2: Ball 2-2: Strikes out swinging
|
Batting: SHB Wayne Matthews
|
0-0: Called Strike 0-1: Ball 1-1: Foul Ball, location: 2F 1-2: Foul Ball, location: 2F 1-2: SINGLE (Groundball, 4D)
|
Batting: RHB Santiago Morales
|
0-0: Swinging Strike 0-1: Fly out, F9 (Flyball, 9S)
|
Batting: RHB Félix Gonzáles
|
0-0: Fly out, F7 (Flyball, 78S)
|
Top of the 7th over - 0 run(s), 1 hit(s), 0 error(s), 1 left on base; Wichita 4 - Gainesville 4 |
BOTTOM OF THE 7TH |
Gainesville Guidos batting - Pitching for Wichita Wranglers : LHP Fred Villa
|
Now in RF: Gabriel Erwin
|
|
Batting: RHB Doug Coleman
|
0-0: Called Strike 0-1: Swinging Strike 0-2: Strikes out swinging
|
Batting: RHB Kyle O'Day
|
0-0: Foul Ball, location: 2F 0-1: Fly out, F9 (Flyball, 9LS)
|
Batting: RHB Augusto Baca
|
0-0: Ball 1-0: Foul Ball, location: 2F 1-1: Hit by Pitch
|
Batting: RHB Juan Reyes
|
0-0: Ball 1-0: SINGLE (Groundball, 34D) Augusto Baca to second Runner from 2nd tries for 3rd, OUT!
|
Bottom of the 7th over - 0 run(s), 1 hit(s), 0 error(s), 1 left on base; Wichita 4 - Gainesville 4 |
TOP OF THE 8TH |
Wichita Wranglers batting - Pitching for Gainesville Guidos : RHP Mario Tovar
|
Batting: LHB Richard Hinkle
|
0-0: Called Strike 0-1: Ball 1-1: DOUBLE (Line Drive, 8LD)
|
Batting: RHB Oliver Todd
|
0-0: Intentional Walk
|
Batting: RHB Hubert MacDonald
|
0-0: Foul Ball, location: 2F 0-1: Ball 1-1: Foul Ball, location: 2F 1-2: Strikes out swinging
|
Batting: SHB Juan Glaviz
|
0-0: Fielders Choice at 2nd, 6-4 (Groundball, 6M) Richard Hinkle to third
|
Batting: SHB Lewis Woods
|
0-0: Hit by Pitch Juan Glaviz to second
|
Batting: RHB Gabriel Erwin
|
0-0: Fielders Choice at 2nd, 6-4 (Groundball, 6)
|
Top of the 8th over - 0 run(s), 1 hit(s), 0 error(s), 2 left on base; Wichita 4 - Gainesville 4 |
BOTTOM OF THE 8TH |
Gainesville Guidos batting - Pitching for Wichita Wranglers : LHP Fred Villa
|
Batting: RHB Denver Baker
|
0-0: Ball 1-0: Foul Ball, location: 2F 1-1: Called Strike 1-2: Ball 2-2: Foul Ball, location: 2F 2-2: Ball 3-2: Base on Balls
|
Pinch Runner at 1st Mark McDonald:
|
|
Batting: LHB Pedro Juárez
|
0-0: Ball 1-0: Swinging Strike 1-1: Ball 2-1: Grounds into double play, 6-4-3 (Groundball, 6M)
|
Batting: RHB Adrián López
|
0-0: Called Strike 0-1: Ball 1-1: Swinging Strike 1-2: Ball 2-2: Hit by Pitch
|
Pinch Hitting: SHB Kent Phillips
|
0-0: Swinging Strike 0-1: Foul Ball, location: 2F 0-2: Ball 1-2: Ball 2-2: Strikes out swinging
|
Bottom of the 8th over - 0 run(s), 0 hit(s), 0 error(s), 1 left on base; Wichita 4 - Gainesville 4 |
TOP OF THE 9TH |
Wichita Wranglers batting - Pitching for Gainesville Guidos : RHP Mario Tovar
|
Pitching: RHP Will Tyler
|
|
Now at SS: Júlio Galló
|
|
Now in RF: Mark McDonald
|
|
Batting: SHB Wayne Matthews
|
0-0: Swinging Strike 0-1: Foul Ball, location: 2F 0-2: Ball 1-2: Strikes out looking
|
Batting: RHB Santiago Morales
|
0-0: Foul Ball, location: 2F 0-1: Ball 1-1: Ground out 6-3 (Groundball, 6M)
|
Batting: RHB Félix Gonzáles
|
0-0: Ball 1-0: Ball 2-0: Ball 3-0: Base on Balls
|
Batting: LHB Richard Hinkle
|
0-0: Ball 1-0: Foul Ball, location: 2F 1-1: Foul Ball, location: 2F 1-2: Ground out 4-3 (Groundball, 4MS)
|
Top of the 9th over - 0 run(s), 0 hit(s), 0 error(s), 1 left on base; Wichita 4 - Gainesville 4 |
BOTTOM OF THE 9TH |
Gainesville Guidos batting - Pitching for Wichita Wranglers : LHP Fred Villa
|
Batting: SHB Cornell Payne
|
0-0: Called Strike 0-1: Ball 1-1: Called Strike 1-2: Ball 2-2: Strikes out swinging
|
Batting: RHB Doug Coleman
|
0-0: Foul Ball, location: 2F 0-1: Foul Ball, location: 2F 0-2: Ground out 3-1 (Groundball, 34)
|
Batting: RHB Kyle O'Day
|
0-0: Called Strike 0-1: Foul Ball, location: 2F 0-2: Strikes out swinging
|
Bottom of the 9th over - 0 run(s), 0 hit(s), 0 error(s), 0 left on base; Wichita 4 - Gainesville 4 |
TOP OF THE 10TH |
Wichita Wranglers batting - Pitching for Gainesville Guidos : RHP Will Tyler
|
Batting: RHB Oliver Todd
|
0-0: Ball 1-0: Ball 2-0: Ground out 6-3 (Groundball, 6)
|
Batting: RHB Hubert MacDonald
|
0-0: Ball 1-0: Ground out 6-3 (Groundball, 6)
|
Batting: SHB Juan Glaviz
|
0-0: Ball 1-0: Swinging Strike 1-1: Foul Ball, location: 2F 1-2: Strikes out looking
|
Top of the 10th over - 0 run(s), 0 hit(s), 0 error(s), 0 left on base; Wichita 4 - Gainesville 4 |
BOTTOM OF THE 10TH |
Gainesville Guidos batting - Pitching for Wichita Wranglers : LHP Fred Villa
|
Batting: RHB Augusto Baca
|
0-0: Ground out 6-3 (Groundball, 6)
|
Batting: RHB Juan Reyes
|
0-0: Swinging Strike 0-1: Called Strike 0-2: SINGLE (Line Drive, 34)
|
Pitching: RHP Todd Brewster
|
|
Pinch Hitting: LHB Eddy Jefferson
|
0-0: Swinging Strike 0-1: Ground out 4-3 (Groundball, 34) Juan Reyes to second
|
Batting: LHB Pedro Juárez
|
0-0: Called Strike 0-1: Swinging Strike 0-2: Foul Ball, location: 2F 0-2: Ball 1-2: Ball 2-2: Foul Ball, location: 2F 2-2: Foul Ball, location: 2F 2-2: Strikes out swinging
|
Bottom of the 10th over - 0 run(s), 1 hit(s), 0 error(s), 1 left on base; Wichita 4 - Gainesville 4 |
TOP OF THE 11TH |
Wichita Wranglers batting - Pitching for Gainesville Guidos : RHP Will Tyler
|
Pitching: RHP Víctor Viña
|
|
Now in LF: Eddy Jefferson
|
|
Batting: SHB Lewis Woods
|
0-0: Ball 1-0: Foul Ball, location: 2F 1-1: Ball 2-1: Ground out 6-3 (Groundball, 6)
|
Batting: RHB Gabriel Erwin
|
0-0: Fly out, F8 (Flyball, 8LM)
|
Batting: SHB Wayne Matthews
|
0-0: Ball 1-0: Called Strike 1-1: Ball 2-1: Ground out 4-3 (Groundball, 4)
|
Top of the 11th over - 0 run(s), 0 hit(s), 0 error(s), 0 left on base; Wichita 4 - Gainesville 4 |
BOTTOM OF THE 11TH |
Gainesville Guidos batting - Pitching for Wichita Wranglers : RHP Todd Brewster
|
Pinch Hitting: LHB Scott Young
|
0-0: SINGLE (Line Drive, 9S)
|
Batting: RHB Júlio Galló
|
0-0: Bunted foul 0-1: Bunted foul 0-2: Ground out U3 (Groundball, 34S) Scott Young to second
|
Batting: SHB Cornell Payne
|
0-0: Called Strike 0-1: SINGLE (Groundball, 56D) Scott Young to third
|
Batting: RHB Doug Coleman
|
0-0: Ball Cornell Payne steals 2nd base 1-0: Intentional Walk
|
Batting: RHB Kyle O'Day
|
0-0: Ball 1-0: Foul Ball, location: 2F 1-1: Foul Ball, location: 2F 1-2: Strikes out swinging
|
Batting: RHB Augusto Baca
|
0-0: Ball 1-0: Fielders Choice at 2nd, 4-6 (Groundball, 4)
|
Bottom of the 11th over - 0 run(s), 2 hit(s), 0 error(s), 2 left on base; Wichita 4 - Gainesville 4 |
TOP OF THE 12TH |
Wichita Wranglers batting - Pitching for Gainesville Guidos : RHP Víctor Viña
|
Now at C: Scott Young
|
|
Batting: RHB Santiago Morales
|
0-0: Called Strike 0-1: Foul Ball, location: 2F 0-2: Ball 1-2: Strikes out swinging
|
Batting: RHB Félix Gonzáles
|
0-0: Ground out 5-3 (Groundball, 5)
|
Batting: LHB Richard Hinkle
|
0-0: Foul Ball, location: 2F 0-1: Called Strike 0-2: Ball 1-2: Ball 2-2: Strikes out swinging
|
Top of the 12th over - 0 run(s), 0 hit(s), 0 error(s), 0 left on base; Wichita 4 - Gainesville 4 |
BOTTOM OF THE 12TH |
Gainesville Guidos batting - Pitching for Wichita Wranglers : RHP Todd Brewster
|
Batting: RHB Juan Reyes
|
0-0: Called Strike 0-1: Ball 1-1: Called Strike 1-2: Foul Ball, location: 2F 1-2: Strikes out swinging
|
Pitching: RHP Juan Vázquez
|
|
Batting: LHB Eddy Jefferson
|
0-0: Ball 1-0: Called Strike 1-1: Ball 2-1: Ball 3-1: Foul Ball, location: 2F 3-2: Foul Ball, location: 2F 3-2: SINGLE (Groundball, 4MD)
|
Batting: LHB Pedro Juárez
|
0-0: Foul Ball, location: 2F 0-1: Ball 1-1: Foul Ball, location: 2F 1-2: Ball 2-2: Strikes out looking
|
Batting: LHB Scott Young
|
0-0: Ball Pickoff Throw by Catcher to First - Error! E2 Eddy Jefferson to second 1-0: Foul Ball, location: 2F 1-1: Ball 2-1: Foul Ball, location: 2F 2-2: Ball 3-2: Foul Ball, location: 2F 3-2: Foul Ball, location: 2F 3-2: Base on Balls
|
Pinch Hitting: RHB Dave Hall
|
0-0: Ball 1-0: Ball 2-0: Called Strike 2-1: Ball 3-1: Base on Balls Eddy Jefferson to third Scott Young to second
|
Batting: SHB Cornell Payne
|
0-0: Ball 1-0: Fly out, F6 (Flyball, 6MD)
|
Bottom of the 12th over - 0 run(s), 1 hit(s), 1 error(s), 3 left on base; Wichita 4 - Gainesville 4 |
TOP OF THE 13TH |
Wichita Wranglers batting - Pitching for Gainesville Guidos : RHP Víctor Viña
|
Now at SS: Will Evans
|
|
Batting: RHB Oliver Todd
|
0-0: Ball 1-0: Swinging Strike 1-1: Foul Ball, location: 2F 1-2: Strikes out swinging
|
Batting: RHB Hubert MacDonald
|
0-0: Ball 1-0: Swinging Strike 1-1: Ball 2-1: Swinging Strike 2-2: Ball 3-2: Strikes out swinging
|
Batting: SHB Juan Glaviz
|
0-0: Called Strike 0-1: Ball 1-1: Swinging Strike 1-2: Strikes out looking
|
Top of the 13th over - 0 run(s), 0 hit(s), 0 error(s), 0 left on base; Wichita 4 - Gainesville 4 |
BOTTOM OF THE 13TH |
Gainesville Guidos batting - Pitching for Wichita Wranglers : RHP Juan Vázquez
|
Batting: RHB Doug Coleman
|
0-0: Ball 1-0: Ball 2-0: Ground out 6-3 (Groundball, 6M)
|
Batting: RHB Kyle O'Day
|
0-0: Ground out 4-3 (Groundball, 4M)
|
Batting: RHB Augusto Baca
|
0-0: Ball 1-0: Swinging Strike 1-1: Ground out 6-3 (Groundball, 6)
|
Bottom of the 13th over - 0 run(s), 0 hit(s), 0 error(s), 0 left on base; Wichita 4 - Gainesville 4 |
TOP OF THE 14TH |
Wichita Wranglers batting - Pitching for Gainesville Guidos : RHP Víctor Viña
|
Batting: SHB Lewis Woods
|
0-0: Swinging Strike 0-1: Swinging Strike 0-2: SINGLE (Groundball, 3D)
|
Pitching: RHP Salvador De Jesús
|
|
Batting: RHB Gabriel Erwin
|
0-0: Ground out 5-3 (Groundball, 5S) Lewis Woods to second
|
Batting: SHB Wayne Matthews
|
0-0: Ball 1-0: Swinging Strike 1-1: Reached on error, E6 (Groundball, 56) Lewis Woods scores
|
Batting: RHB Santiago Morales
|
0-0: SINGLE (Flyball, 89S) Wayne Matthews to third Runner from 3rd tries for Home, SAFE, no throw
|
Batting: RHB Félix Gonzáles
|
0-0: Ball 1-0: Ball 2-0: 2-RUN HOME RUN (Flyball, 7D), Distance : 366 ft
|
Pitching: RHP Juan Mora
|
|
Batting: LHB Richard Hinkle
|
0-0: Ball 1-0: Ball 2-0: SINGLE (Line Drive, 8RS)
|
Batting: RHB Oliver Todd
|
0-0: Swinging Strike 0-1: Ball 1-1: Called Strike 1-2: Strikes out swinging
|
Batting: RHB Hubert MacDonald
|
0-0: Hit by Pitch Richard Hinkle to second
|
Batting: SHB Juan Glaviz
|
0-0: Foul Ball, location: 2F 0-1: Fly out, F3 (Line Drive, 3S)
|
Top of the 14th over - 4 run(s), 4 hit(s), 1 error(s), 2 left on base; Wichita 8 - Gainesville 4 |
BOTTOM OF THE 14TH |
Gainesville Guidos batting - Pitching for Wichita Wranglers : RHP Juan Vázquez
|
Batting: RHB Juan Reyes
|
0-0: Called Strike 0-1: Foul Ball, location: 2F 0-2: Ball 1-2: Ground out 6-3 (Groundball, 6)
|
Batting: LHB Eddy Jefferson
|
0-0: Ball 1-0: Called Strike 1-1: Foul Ball, location: 2F 1-2: Ball 2-2: Foul Ball, location: 2F 2-2: Foul Ball, location: 2F 2-2: Fly out, F8 (Line Drive, 8LM)
|
Pitching: RHP Luis Pérez
|
|
Batting: LHB Pedro Juárez
|
0-0: Called Strike 0-1: Foul Ball, location: 2F 0-2: Fly out, F7 (Flyball, 7S)
|
Bottom of the 14th over - 0 run(s), 0 hit(s), 0 error(s), 0 left on base; Wichita 8 - Gainesville 4 |
|